 Dungeon Crawl Stone Soup version 0.30-a0-385-gfebfb9b408 (webtiles) character file.

Game seed: 11519976059986136717

22 leviel the Trooper (level 2, -1/27 HPs)
             Began as a Draconian Berserker on Dec 2, 2022.
             Was a Follower of Trog.
             Frozen to death by an endoplasm (5 damage)
             ... on level 1 of the Dungeon.
             The game lasted 00:00:28 (166 turns).

leviel the Trooper (Draconian Berserker)             Turns: 166, Time: 00:00:29

Health: -1/27      AC:  4    Str: 19    XL:     2   Next: 68%
Magic:  2/2        EV: 12    Int:  7    God:    Trog [*.....]
Gold:   13         SH:  0    Dex: 10    Spells: 1/1 levels left

rFire   . . .      SeeInvis .    a - +0 mace
rCold   . . .      Faith    .    (no shield)
rNeg    . . .      Spirit   .    (body armour unavailable)
rPois   .          Reflect  .    (helmet restricted)
rElec   .          Harm     .    (no cloak)
rCorr   .          Rampage  .    (no gloves)
Will    .....                    (no boots)
Stlth   +.........               (no amulet)
HPRegen 0.24/turn                (no ring)
MPRegen 0.08/turn                (no ring)

@: no status effects
A: AC +4, unfitting armour, cold-blooded
a: Renounce Religion, Berserk


You were on level 1 of the Dungeon.
You worshipped Trog.
Trog was aware of your devotion.
You visited 1 branch of the dungeon, and saw 1 of its levels.

You collected 13 gold pieces.

Inventory:

Hand Weapons
 a - a +0 mace (weapon)
Scrolls
 b - 2 scrolls of identify {unknown}
 c - a scroll of brand weapon {unknown}
 d - 3 scrolls of magic mapping {unknown}


   Skills:
 + Level 3.7 Fighting
 + Level 3.3 Maces & Flails
 + Level 3.0 Dodging


You had one spell level left.
You didn't know any spells.
Your spell library was empty.

Dungeon Overview and Level Annotations

Branches:
Dungeon (1/15)

Altars:


Innate Abilities, Weirdness & Mutations

Your plain brown scales are hard. (AC +4)
You cannot fit into any form of body armour.
You are cold-blooded and may be slowed by cold attacks.


Message History

You barely miss the jackal.
The jackal is almost dead.
You feel yourself speed up. The jackal bites you.
* * * LOW HITPOINT WARNING * * *
The ball python misses you. The ball python constricts you.
The jackal bites you.
* * * LOW HITPOINT WARNING * * *
The endoplasm hits you but does no damage.
The ball python bites you but does no damage.
The ball python constricts you.
* * * LOW HITPOINT WARNING * * *
You escape the ball python's grasp.
The endoplasm attacks as you move away! The endoplasm barely misses you.
The jackal barely misses you.
The jackal bites you but does no damage.
Things that are here:
a ball python corpse; a jackal corpse The endoplasm attacks as you move away!
The endoplasm closely misses you. The jackal misses you.
The jackal closely misses you. The jackal attacks as you move away!
The jackal closely misses you. The endoplasm attacks as you move away!
The endoplasm hits you but does no damage.
Found 11 gold pieces.
The jackal bites you but does no damage.
You aren't carrying any potions.
You miss the jackal. You tail-slap the jackal.
You kill the jackal!
Trog accepts your kill. The ball python barely misses you.
The ball python grabs you. The ball python constricts you.
You hit the ball python.
You kill the ball python!
Trog accepts your kill.
You hit the endoplasm.
You tail-slap the endoplasm, but do no damage.
The endoplasm is almost dead.
The endoplasm freezes you.
You are frozen.
You die...

..## ..#♣♣ ♣
...###... . ..
#....#.#♣♣.♣ #.
>.#....# .♣ #.
..##...###.# #.
>..........# #.
..........## #$##
..###....## #..# ..#
#.....# #@# ..
##...†######J#
##....†.....#
......††..........#
#.........$....###.#
..######.#.#.#.# #
#.........
#.#.#.#.#.#
#.$...$.....


You could see an endoplasm.

Vanquished Creatures
  2 endoplasms (D:1)
  2 goblins (D:1)
  7 jackals (D:1)
  A quokka (D:1)
  3 ball pythons (D:1)
  3 kobolds (D:1)
18 creatures vanquished.

Notes
Turn   | Place    | Note
-------+----------+-------------------------------------------
     0 | D:1      | leviel the Draconian Berserker began the quest for the Orb.
     0 | D:1      | Reached XP level 1. HP: 19/19 MP: 1/1
    94 | D:1      | Reached XP level 2. HP: 25/26 MP: 2/2
   156 | D:1      | HP: 1/27 [constriction (1)]
   166 | D:1      | Frozen to death by an endoplasm

Illustrated notes

Levels and vault maps discovered:
D:1:      mainiacjoe_arrival_reflecting_pool, layout_rooms, minivault_4,
          st_stairs_9, minmay_tree_intersection

Skill      XL: |  1  2 |
---------------+-------+-----
Dodging        | 3 |  3.0
Fighting       | |  3.7
Maces & Flails | |  3.3

Action                   || total
-------------------------++-------
Melee: Mace              ||    35
       Tailslap          ||     4
Armor: Skin              ||    22
Dodge: Dodged            ||    58

Table legend: (Time is in decaauts)
 A = Elapsed time spent in this place.
 B = Non-inter-level travel time spent in this place.
 C = Inter-level travel time spent in this place.
 D = Time resting spent in this place.
 E = Time spent auto-exploring this place.
 F = Levels seen in this place.
 G = Mean time per level.
                   A        B        C        D        E       F      G
               +--------+--------+--------+--------+--------+-----+--------+
         Total |    177 |    177 |      0 |      0 |     92 |   1 |  177.0 |
       Dungeon |    177 |    177 |      0 |      0 |     92 |   1 |  177.0 |
               +--------+--------+--------+--------+--------+-----+--------+

Top non-repeatable levels by time:
     D:1: 177 daAuts
